Map: Submarine LE

Players

uwuThermal (uThermal) - Winner!

  • Race: Terran Terran
  • League: Grandmaster
  • Spawn Location: 11:00

БУБИБ

  • Race: Protoss Protoss
  • League: Master
  • Spawn Location: 5:00

VOD

https://www.youtube.com/watch?v=x_WdMpoHywI

Description

Time

  • Played on: Jan. 19, 2021, 1:32 p.m.
  • Length: 7:49
Show
View Real Time Build Order
Export as new Build Order

uwuThermal Terran - Winner!

Build Orders:  

Get SALT Encoding   

  12  0:00  SCV  
  13  0:12  SCV  
  14  0:17  Supply Depot  
  14  0:24  SCV  
  14  0:27  Refinery  
  15  0:38  SCV  
  16  0:44  Barracks  
  16  0:50  SCV  
  17  1:02  SCV  
  18  1:14  SCV  
  19  1:30  Marine  
  19  1:31  Orbital Command  
  20  1:34  Factory  
  20  1:49  Barracks Reactor  
  20  1:57  Command Center  
  20  2:05  Supply Depot  
  20  2:07  SCV  
  21  2:19  SCV  
  26  2:30  Supply Depot, Hellion x2  
  26  2:31  SCV  
  27  2:43  SCV  
  28  2:45  Refinery  
  28  2:51  Hellion  
  30  2:53  Hellion  
  30  2:54  Starport  
  30  2:55  SCV  
  33  3:07  SCV  
  33  3:08  Orbital Command  
  33  3:12  Widow Mine  
  36  3:14  Widow Mine  
  36  3:19  SCV  
  39  3:30  Medivac  
  39  3:31  SCV  
  44  3:34  Widow Mine  
  44  3:36  Widow Mine  
  44  3:37  SCV  
  45  3:44  SCV, Barracks Tech Lab  
  46  3:49  SCV  
  47  3:56  SCV  
  47  4:01  SCV, Starport Reactor  
  49  4:02  Barracks  
  49  4:03  Barracks  
  49  4:07  Supply Depot, Marine, Factory Tech Lab  
  49  4:08  SCV  
  51  4:11  Stimpack  
  51  4:13  SCV  
  52  4:20  SCV  
  52  4:22  Engineering Bay  
  53  4:25  SCV  
  53  4:29  Marine  
  55  4:32  SCV  
  55  4:34  Siege Tank  
  55  4:37  SCV  
  58  4:44  SCV  
  55  4:46  Marine  
  55  4:49  SCV, Refinery  
  55  4:50  Marine  
  55  4:52  Bunker  
  58  4:56  SCV  
  58  4:58  Marine  
  60  5:01  SCV  
  60  5:06  Siege Tank  
  62  5:08  SCV, Marine  
  62  5:13  Starport Reactor  
  62  5:14  SCV, Marine  
  62  5:17  Marine x2  
  62  5:21  Supply Depot x2  
  62  5:22  Missile Turret  
  62  5:24  Marine  
  62  5:25  SCV  
  62  5:28  Terran Infantry Weapons Level 1  
  62  5:29  SCV, Marine  
  62  5:32  Marine  
  62  5:33  Supply Depot  
  62  5:35  Marine x2  
  67  5:37  SCV  
  67  5:41  SCV  
  67  5:42  Siege Tank  
  72  5:43  Supply Depot  
  72  5:45  Marine, Refinery  
  73  5:50  Marine, Medivac  
  73  5:54  Supply Depot, Marine x2  
  78  5:58  Marine  
  78  5:59  Missile Turret  
  78  6:04  Marine, Medivac  
  81  6:08  Marine  
  83  6:11  Marine  
  83  6:12  Marine  
  83  6:13  Combat Shield  
  83  6:16  Marine  
  86  6:22  Marine  
  86  6:25  Siege Tank  
  90  6:26  Marine  
  90  6:29  Marine  
  90  6:30  Marine  
  93  6:34  Marine  
  93  6:35  Command Center  
  93  6:37  Medivac  
  96  6:40  Marine  
  96  6:44  Marine, Medivac  
  100  6:47  Marine  
  100  6:48  Marine  
  100  6:52  Marine  
  102  6:57  Siege Tank  
  102  6:58  Marine  
  106  7:02  Marine  
  106  7:06  Marine x2  
  109  7:12  Marine  
  110  7:16  Barracks, Supply Depot  
  110  7:17  Supply Depot  
  110  7:18  Barracks, Supply Depot  
  110  7:41  Missile Turret  
Show
View Real Time Build Order
Export as new Build Order

БУБИБ Protoss 

Build Orders: 1 Gate Expand, Blink Stalkers 

Get SALT Encoding   

  12  0:00  Probe  
  13  0:13  Probe  
  14  0:18  Pylon  
  14  0:25  Probe (Chrono Boost)  
  15  0:37  Gateway, Probe (Chrono Boost)  
  16  0:45  Probe (Chrono Boost)  
  16  0:46  Assimilator  
  17  0:51  Probe  
  18  1:03  Probe  
  19  1:17  Nexus  
  19  1:26  Cybernetics Core  
  19  1:29  Probe (Chrono Boost)  
  20  1:35  Assimilator  
  20  1:39  Probe (Chrono Boost)  
  21  1:45  Pylon  
  21  1:47  Probe  
  22  1:59  Probe  
  23  2:01  Stalker (Chrono Boost)  
  23  2:03  Warp Gate (Chrono Boost)  
  25  2:11  Probe  
  26  2:15  Twilight Council  
  26  2:23  Stalker  
  30  2:30  Probe x2 (Chrono Boost)  
  30  2:41  Probe (Chrono Boost)  
  30  2:43  Probe (Chrono Boost)  
  32  2:44  Shield Battery  
  32  2:46  Probe (Chrono Boost)  
  33  2:53  Stalker  
  33  2:57  Probe x2  
  37  3:05  Gateway  
  36  3:12  Gateway  
  36  3:16  Robotics Facility  
  36  3:19  Probe  
  37  3:21  Blink (Chrono Boost), Probe  
  38  3:31  Probe  
  39  3:42  Probe  
  39  3:43  Probe  
  39  3:44  Pylon  
  39  3:47  Pylon  
  41  3:54  Probe  
  41  3:55  Stalker, Probe  
  43  3:56  Pylon  
  45  4:09  Probe x2  
  49  4:13  Gateway  
  49  4:14  Gateway  
  49  4:16  Gateway  
  47  4:25  Observer  
  47  4:30  Stalker x3  
  43  4:40  Probe  
  37  4:52  Probe x2  
  31  5:10  Stalker  
  33  5:15  Probe (Chrono Boost)  
  33  5:17  Probe (Chrono Boost)  
  33  5:27  Probe (Chrono Boost)  
  33  5:29  Probe (Chrono Boost)  
  34  5:35  Probe (Chrono Boost)  
  34  5:36  Probe (Chrono Boost)  
  34  5:41  Probe  
  35  5:43  Probe  
  35  5:49  Warp Prism  
  39  5:50  Observer  
  39  5:56  Probe x2 (Chrono Boost)  
  41  6:02  Stalker  
  43  6:07  Probe (Chrono Boost)  
  43  6:09  Stalker  
  43  6:10  Probe (Chrono Boost)  
  47  6:12  Probe (Chrono Boost)  
  47  6:18  Probe  
  49  6:19  Stalker  
  49  6:22  Probe  
  52  6:25  Stalker  
  52  6:30  Probe  
  55  6:34  Probe  
  55  6:39  Dark Shrine  
  56  6:42  Probe  
  56  6:43  Assimilator  
  57  6:49  Stalker x2  
  60  7:00  Probe x2  
  62  7:15  Probe  
  63  7:16  Probe  
  63  7:19  Assimilator  
  63  7:21  Shield Battery  
  63  7:22  Shield Battery  
  64  7:36  Stalker x5  
Tags
 
Add a new tag
Caveats
  • Supply blocks, unpowered buildings, or Contaminate may cause inaccurate times.
  • Supply counts are checked every 10 seconds.